 Dungeon Crawl Stone Soup version 0.27.1-1-g398f81649c (webtiles) character file.

Game seed: 3865458282426269267

6 funkygono the Firebug (level 1, 0/10 HPs)
             Began as a Gargoyle Fire Elementalist on Sept 20, 2021.
             Slain by a kobold (4 damage)
             ... on level 1 of the Dungeon.
             The game lasted 00:00:38 (278 turns).

funkygono the Firebug (Gargoyle Fire Elementalist)   Turns: 278, Time: 00:00:39

Health: 0/10       AC:  4    Str: 11    XL:     1   Next: 90%
Magic:  0/3        EV: 11    Int: 15    God:
Gold:   2          SH:  0    Dex: 10    Spells: 3/4 levels left

rFire    . . .     SeeInvis .   (no weapon)
rCold    . . .     Faith    .   (no shield)
rNeg     + . .     Spirit   .   a - +0 robe
rPois    ∞         Reflect  .   (no helmet)
rElec    +         Harm     .   (no cloak)
rCorr    .         Rampage  .   (no gloves)
Will     .....                  (no boots)
Stlth    ++........             (no amulet)
HPRegen  0.03/turn              (no ring)
MPRegen  0.08/turn              (no ring)

@: no status effects
A: sickness immunity, AC +2, negative energy resistance 1, electricity
resistance, torment resistance 1, petrification resistance
a: no special abilities


You were on level 1 of the Dungeon.
You visited 1 branch of the dungeon, and saw 1 of its levels.

You collected 2 gold pieces.

Inventory:

Armour
 a - a +0 robe (worn)
Scrolls
 b - a scroll of enchant armour {unknown}
 c - a scroll of blinking {unknown}


   Skills:
 + Level 1.5 Dodging
 - Level 2.1 Stealth
 * Level 2.2 Spellcasting
 * Level 1.1 Conjurations
 * Level 3.2 Fire Magic


You had 3 spell levels left.
You knew the following spells:

 Your Spells              Type           Power      Damage    Failure   Level
a - Foxfire               Conj/Fire      32%        2x1d5     9%          1

Your spell library contained the following spells:

 Spells                   Type           Power      Damage    Failure   Level
 Conjure Flame            Conj/Fire      8%         6-21      26%         3
 Inner Flame              Hex/Fire       6%         N/A       34%         3
 Sticky Flame             Conj/Fire      8%         2d3       65%         4
 Fireball                 Conj/Fire      4%         3d4       94%         5


Dungeon Overview and Level Annotations

Branches:
Dungeon (1/15)

Altars:


Innate Abilities, Weirdness & Mutations

You are immune to sickness and miasma.
Your stone body is resilient. (AC +2)
You are immune to poison.
You resist negative energy. (rN+)
You are resistant to electric shocks. (rElec)
You are resistant to unholy torment.
You are immune to petrification.


Message History

The foxfire hits the kobold.
The kobold is moderately wounded.
A quokka comes into view.
The foxfire hits the quokka but does no damage.
Casting: Foxfire (safe; 9% risk of failure)
Confirm with . or Enter, or press ? or * to list all spells.
You don't have enough magic to cast this spell.
Unknown command.
Casting: Foxfire (safe; 9% risk of failure)
Confirm with . or Enter, or press ? or * to list all spells.
You conjure some foxfire!
The quokka closely misses you.
Unknown command.
The foxfire hits the quokka.
The quokka is heavily wounded.
The foxfire hits the quokka but does no damage.
The quokka is heavily wounded.
The quokka bites you.
Casting: Foxfire (safe; 9% risk of failure)
Confirm with . or Enter, or press ? or * to list all spells.
You don't have enough magic to cast this spell.
Unknown command.
The quokka bites you.
Casting: Foxfire (safe; 9% risk of failure)
Confirm with . or Enter, or press ? or * to list all spells.
You don't have enough magic to cast this spell.
Unknown command.
The quokka bites you but does no damage.
Casting: Foxfire (safe; 9% risk of failure)
Confirm with . or Enter, or press ? or * to list all spells.
You conjure some foxfire!
The foxfire hits the kobold.
The kobold is moderately wounded.
The quokka bites you.
Unknown command.
The foxfire hits the kobold.
The kobold is severely wounded.
The quokka barely misses you.
You closely miss the kobold.
The kobold is severely wounded.
The kobold hits you with a +0 club.
You die...

#.#.#.#.....#....#
#####.......#....#
..........#....#
#########......#
##.....# ##.....#
#+##......#
##.#.#.K...#
##v#.##.r@..# #
##v###..§.)..# ##
##.## ##......#
.## ##.## ##..)..#
#.###§## #.....#
##.#§## #...###
##.## #..... #+#
##..#.# ..>....


You could see a quokka and a kobold.

Vanquished Creatures
  A giant cockroach (D:1)
  A hobgoblin (D:1)
  A quokka (D:1)
  A ball python (D:1)
  A frilled lizard (D:1)
  A rat (D:1)
6 creatures vanquished.

Vanquished Creatures (others)
  20 foxfires (D:1)
20 creatures vanquished.

Grand Total: 26 creatures vanquished

Notes
Turn   | Place    | Note
-------+----------+-------------------------------------------
     0 | D:1      | funkygono the Gargoyle Fire Elementalist began the quest
                  | for the Orb.
     0 | D:1      | Reached XP level 1. HP: 10/10 MP: 3/3
   278 | D:1      | Slain by a kobold

Illustrated notes

Levels and vault maps discovered:
D:1:      nagdon_arrival_zigzag_paths, layout_basic,
          dreamdust_ecumenical_altar_angels_and_demons, chequers_arboretum,
          minmay_split_cup_large

Action                   || total
-------------------------++-------
Melee: Unarmed           ||     7
 Cast: Foxfire           ||    13
Armor: Robe              ||     2
Dodge: Dodged            ||     9
